 Dungeon Crawl Stone Soup version 0.17-a0-2073-gde5cdba (webtiles) character file.

200 radek the Conjurer (level 5, -6/28 HPs)
             Began as a Deep Elf Conjurer on Oct 15, 2015.
             Killed by divine providence
             ... invoked by an orc priest
              (14 damage)
             ... on level 3 of the Dungeon.
             The game lasted 00:11:23 (2333 turns).

radek the Conjurer (Deep Elf Conjurer)              Turns: 2333, Time: 00:11:24

Health: -6/28      AC:  2    Str:  6    XL:     5   Next: 49%
Magic:  5/11       EV: 13    Int: 20    God:
Gold:   135        SH:  0    Dex: 15    Spells: 2 memorised, 4 levels left

rFire  x . .     SeeInvis .     (no weapon)
rCold  + . .     Clarity  .     a - +0 robe
rNeg   . . .     SustAt   .     (no shield)
rPois  .         Gourm    .     (no helmet)
rElec  .         Spirit   .     (no cloak)
rCorr  .         Warding  .     (no gloves)
rMut   .         Stasis   .     (no boots)
MR     .....                    l - amulet of regeneration
Stlth  ++........               (no ring)
                                p - ring of ice

@: not resistant to hostile enchantments, unstealthy
A: no striking features
a: no special abilities


You were on level 3 of the Dungeon.
You were not hungry.

You visited 1 branch of the dungeon, and saw 3 of its levels.

You collected 135 gold pieces.

Inventory:

Armour
 a - a +0 robe (worn)
Jewellery
 l - an amulet of regeneration (around neck)
 p - a ring of ice (left hand)
Scrolls
 f - a scroll of remove curse {unknown}
 g - 5 scrolls of identify {unknown}
 k - 2 scrolls of enchant armour {unknown}
 n - a scroll of recharging {unknown}
 o - a scroll of fear {unknown}
Potions
 d - 2 potions of poison {unknown}
 e - a potion of haste {unknown}
 h - a potion of flight {unknown}
 m - a potion of curing {unknown}
Books
 b - a book of Conjurations

   Spells                             Type                      Level
   a - Magic Dart                     Conjuration                  1
   b - Searing Ray                    Conjuration                  2
   c - Dazzling Spray                 Conjuration/Hexes            3
   d - Fulminant Prism                Conjuration/Hexes            4
   e - Iskenderun's Mystic Blast      Conjuration                  4
   f - Iskenderun's Battlesphere      Conjuration/Charms           5
Comestibles
 c - 3 bread rations
 i - 6 fruits
 j - 2 beef jerkies
 q - a slice of pizza


   Skills:
 - Level 2.4 Dodging
 - Level 2.4 Stealth
 - Level 3.0 Spellcasting
 - Level 7.3 Conjurations
 * Level 1.5 Charms


You had 4 spell levels left.
You knew the following spells:

 Your Spells              Type           Power        Failure   Level  Hunger
a - Magic Dart            Conj           ####         1%          1    None
b - Iskenderun's Battles  Conj/Chrm      ###.....     71%         5    ######.


Dungeon Overview and Level Annotations

Branches:
Dungeon (3/15)

Altars:


Message History

Aim: an orc priest, wielding a dagger and wearing a ring mail (lightly wounded)
The magic dart hits the orc priest.
The orc priest is moderately wounded.
Casting: Magic Dart
Confirm with . or Enter, or press ? or * to list all spells.
Aiming: Magic Dart
Press: ? - help, Shift-Dir - straight line, f/p - orc priest
Aim: an orc priest, wielding a dagger and wearing a ring mail (moderately wounded)
The magic dart hits the orc priest.
The orc priest is moderately wounded.
The orc priest mumbles some strange prayers to Beogh against you.
Something smites you!
The orc priest invokes the aid of Beogh against you.
Pain shoots through your body!
* * * LOW HITPOINT WARNING * * *
All of the chunks of flesh in your inventory have rotted away.
The orc priest mumbles some strange prayers to Beogh against you.
Something smites you!
Ouch! That really hurt!
You die...

. .( .)###'# .......
.......########## ####
#...l.#......... #...
#....o#.######## ####
#........... #...
######o####################.
............@........<.......
....(....................###.
###################.#........
#.#.###.##. #.#.# #.##. #.#.#
#..#. #.#.# ##.#. #.#.# #.#.
#.#.# #.#.


You could see an orc priest.

Vanquished Creatures
  A scorpion (D:3)
  An orc wizard (D:3)
  An orc priest (D:3)
  3 adders (D:3)
  A river rat (D:3)
  A worm (D:2)
  2 giant geckos (D:3)
  5 orcs (D:3)
  4 hobgoblins
  4 jackals (D:3)
  4 kobolds
  A ball python (D:3)
  7 bats
  2 giant cockroaches (D:1)
  A giant newt (D:3)
  4 goblins
  10 rats
52 creatures vanquished.

Notes
Turn   | Place    | Note
--------------------------------------------------------------
     0 | D:1      | radek the Deep Elf Conjurer began the quest for the Orb.
     0 | D:1      | Reached XP level 1. HP: 10/10 MP: 6/6
   196 | D:1      | Reached XP level 2. HP: 15/15 MP: 6/8
   399 | D:1      | Reached skill level 5 in Conjurations
  1090 | D:3      | Noticed a scorpion
  1101 | D:3      | Killed a scorpion
  1101 | D:3      | Reached skill level 6 in Conjurations
  1101 | D:3      | Reached XP level 3. HP: 19/19 MP: 1/9
  1101 | D:3      | Reached XP level 4. HP: 24/24 MP: 1/10
  1610 | D:3      | Found a glowing drain.
  1756 | D:3      | Reached skill level 7 in Conjurations
  1756 | D:3      | Reached XP level 5. HP: 28/28 MP: 7/11
  1963 | D:3      | Learned a level 5 spell: Iskenderun's Battlesphere
  2001 | D:3      | Reached skill level 1 in Charms
  2333 | D:3      | Killed from afar by an orc priest

Vault maps used:
D:1:      scummos_arrival_star
D:2:      first_bread, serial_forest, infiniplex_forest_lined_room_3,
          infiniplex_forest_lined_corner, infiniplex_forest_straight_2,
          infiniplex_forest_clump_diagonal, infiniplex_forest_corner_1,
          infiniplex_forest_lined_ring, infiniplex_forest_straight_2
D:3:      portal_sewer_entry_a, kennysheep_generic_room_11

Action                   |  1- 3 |  4- 6 || total
-------------------------+-------+-------++-------
Melee: Unarmed           |       |     8 ||     8
 Cast: Magic Dart        |    45 |    80 ||   125
  Eat: Meat ration       |       |     1 ||     1
